 Dungeon Crawl Stone Soup version 0.30.1-1-g62c8e00024 (webtiles) character file.

Game seed: 16667074068083837540

63 tizbic2 the Poker (level 4, -2/28 HPs)
             Began as a Tengu Fighter on July 14, 2023.
             Killed by nerve-wracking pain
             ... invoked by an orc priest
              (12 damage)
             ... on level 3 of the Dungeon.
             The game lasted 00:06:22 (1635 turns).

tizbic2 the Poker (Tengu Fighter)                   Turns: 1635, Time: 00:06:27

Health: -2/28      AC:  6    Str: 19    XL:     4   Next: 9%
Magic:  5/5        EV: 15    Int:  8    God:
Gold:   97         SH:  5    Dex: 13    Spells: 3/3 levels left

rFire   . . .        g - +1 bardiche (vamp)
rCold   . . .        (shield currently unavailable)
rNeg    . . .        s - +1 ring mail
rPois   .            (helmet restricted)
rElec   .            (no cloak)
rCorr   .            (no gloves)
SInv    .            (boots unavailable)
Will    .....        v - amulet of reflection
Stlth   +            p - ring of wizardry
HPRegen 0.24/turn    t - +5 ring of evasion
MPRegen 0.09/turn

%: reflection, wizardry (x1)
@: mighty
A: beak, talons 3
a: no special abilities


You were on level 3 of the Dungeon.
You visited 1 branch of the dungeon, and saw 3 of its levels.

You collected 97 gold pieces.

Inventory:

Hand Weapons
 a - a +0 trident
 g - a +1 vampiric bardiche (weapon)
 h - a +0 spear
Missiles
 q - 5 boomerangs (quivered)
 u - 2 poisoned darts
Armour
 c - a +0 buckler
 s - a +1 ring mail (worn)
Jewellery
 k - a ring of ice
 p - a ring of wizardry (left hand)
 t - a +5 ring of evasion (right hand)
 v - an amulet of reflection (around neck)
 w - a ring of fire
Scrolls
 e - a scroll of fog
 i - a scroll of enchant weapon {unknown}
 j - a scroll of silence {unknown}
 n - a scroll of identify {unknown}
Potions
 d - a potion of might
 f - a potion of curing {unknown}
 l - a potion of haste {unknown}
 m - 3 potions of cancellation {unknown}
 o - a potion of berserk rage {unknown}
 r - a potion of brilliance {unknown}
 x - a potion of lignification {unknown}


   Skills:
 - Level 3.1 Fighting
 + Level 4.0 Polearms
 - Level 3.7 Armour
 - Level 3.1 Shields


You had 3 spell levels left.
You didn't know any spells.
Your spell library was empty.

Dungeon Overview and Level Annotations

Branches:
Dungeon (3/15)

Altars:


Innate Abilities, Weirdness & Mutations

You have a beak for a mouth.
You have claws for feet.


Message History

Aim: an orc, wielding a +0 short sword (about 56% to evade your +1 vampiric bardiche)
The orc is in the way.
You barely miss the orc. You claw the orc. You peck the orc, but do no damage.
The orc is severely wounded.
The orc hits you but does no damage.
Reach: g) +1 bardiche (vamp)
Press: ? - help, Dir - move target, f - orc, p - orc
Aim: an orc, wielding a +0 club (severely wounded, about 56% to evade your +1 vampiric bardiche)
You reach to attack!
You slash the orc!
You kill the orc!
A kobold comes into view. It is wielding a +0 short sword.
The orc priest invokes the aid of Beogh against you.
Beogh smites you! The orc misses you.
The kobold shouts!
Your Polearms skill increases to level 4!
Reach: g) +1 bardiche (vamp)
Press: ? - help, Dir - move target, f - orc priest
Aim: an orc priest, wielding a +0 mace (about 53% to evade your +1 vampiric bardiche)
You reach to attack!
You closely miss the orc priest. The orc barely misses you.
The orc priest calls down the wrath of Beogh upon you.
Beogh smites you!
Reach: g) +1 bardiche (vamp)
Press: ? - help, Dir - move target, f/p - orc priest
Aim: an orc priest, wielding a +0 mace (about 53% to evade your +1 vampiric bardiche)
The orc is in the way.
You closely miss the orc. The orc barely misses you.
The orc priest casts a cantrip, but nothing happens.
The orc hits you with a +0 short sword.
You feel very mighty all of a sudden. The orc misses you.
You slice the orc!!
You feel better.
You kill the orc!
The orc priest closely misses you.
You slice the orc priest!!
You kill the orc priest!
The orc priest invokes the aid of Beogh against you.
Pain shoots through your body!
The orc priest calls down the wrath of Beogh upon you.
Pain shoots through your body!
You die...

#..#######
....Ko)@.#
########.#
#.# #.# #.#
#.#
####'#####
#........#
####........#


You could see an orc priest and a kobold.

Vanquished Creatures
  An orc priest (D:3)
  2 adders (D:2)
  A worm (D:2)
  A dart slug (D:2)
  2 orcs (D:3)
  A bat (D:1)
  3 endoplasms (D:1)
  2 giant cockroaches (D:2)
  5 goblins (D:1)
  4 hobgoblins
  4 jackals (D:1)
  2 ball pythons (D:1)
  A frilled lizard (D:2)
  3 kobolds
  4 rats
36 creatures vanquished.

Notes
Turn   | Place    | Note
-------+----------+-------------------------------------------
     0 | D:1      | tizbic2 the Tengu Fighter began the quest for the Orb.
     0 | D:1      | Reached XP level 1. HP: 14/14 MP: 2/2
    44 | D:1      | Reached XP level 2. HP: 19/19 MP: 3/3
   204 | D:1      | Identified a scroll of acquirement
   204 | D:1      | Acquired a +1 vampiric bardiche
   432 | D:1      | Reached XP level 3. HP: 23/23 MP: 4/4
   642 | D:2      | Reached skill level 3 in Polearms
  1307 | D:2      | Reached XP level 4. HP: 27/28 MP: 5/5
  1631 | D:3      | Reached skill level 4 in Polearms
  1635 | D:3      | Killed from afar by an orc priest

Illustrated notes

Levels and vault maps discovered:
D:1:      roderic_chinese_lattice_arrival, layout_loops_cross,
          minmay_pentomino_s2
D:2:      layout_basic, hex_tiny
D:3:      minmay_octagon_keep, layout_basic, ashenzari_conservatory_becter,
          hellmonk_ecumenical_altar_heavens_door

Skill      XL: |  1  2  3  4 |
---------------+-------------+-----
Polearms       | 3 4 |  4.0
Fighting       | |  3.1
Armour         | |  3.7
Shields        | |  3.1

Action                     |  1- 3 |  4- 6 || total
---------------------------+-------+-------++-------
  Melee: Trident           |    10 |       ||    10
         Kick              |    11 |     1 ||    12
         Peck              |    10 |     3 ||    13
         Bardiche          |    48 |    12 ||    60
         Spear             |    18 |       ||    18
  Throw: Boomerang         |     1 |       ||     1
    Use: Scroll            |     2 |     2 ||     4
         Potion            |       |     1 ||     1
 Armour: Scale mail        |    25 |     1 ||    26
         Ring mail         |       |     2 ||     2
  Dodge: Dodged            |    38 |    11 ||    49
  Block: Buckler           |     9 |       ||     9
         Other             |       |     1 ||     1
